 Dungeon Crawl Stone Soup version 0.13-a0-2600-g811f1de (webtiles) character file.

280 Kae the Ruinous (level 5, 0/28 HPs)
             Began as a Tengu Fire Elementalist on Aug 3, 2013.
             Succumbed to an adder's poison
             ... on Level 3 of the Dungeon.
             The game lasted 00:05:29 (2250 turns).

Kae the Ruinous (Tengu Fire Elementalist)           Turns: 2250, Time: 00:05:29

HP   0/28        AC  4     Str  8      XL: 5   Next: 36%
MP  12/12        EV 12     Int 16      God:
Gold 126         SH  0     Dex 15      Spells:  3 memorised,  2 levels left

Res.Fire  : . . .   See Invis. : .   d - +1,+2 orc whip (elec)
Res.Cold  : . . .   Warding    : .   a - +0 robe
Life Prot.: . . .   Conserve   : .   (no shield)
Res.Poison: .       Res.Corr.  : .   (helmet restricted)
Res.Elec. : .       Clarity    : .   u - +0 elf cloak
Sust.Abil.: . .     Spirit.Shd : .   k - +0 pair of gloves
Res.Mut.  : .       Stasis     : .   (boots unavailable)
Res.Rott. : .       Flight     : .   (no amulet)
Saprovore : . . .                    (no ring)
                                     (no ring)

@: mildly poisoned, slightly resistant to hostile enchantments, stealthy
A: able to fly, beak, talons 3, carnivore 1, deterioration 1, sense surroundings
1
a: Fly


You were on level 3 of the Dungeon.
You were not hungry.

You visited 1 branch of the dungeon, and saw 3 of its levels.

You collected 106 gold pieces.

Inventory:

Hand weapons
 d - a +1,+2 orcish whip of electrocution (weapon)
Armour
 a - a +0 robe (worn)
 k - a +0 pair of gloves (worn)
 u - a +0 elven cloak (worn)
Comestibles
 c - 3 bread rations
 i - a pear
 l - a banana
 q - a meat ration
 t - an apple
Scrolls
 f - 2 scrolls of teleportation {unknown}
 g - 4 scrolls of recharging {unknown}
 h - a scroll of curse jewellery {unknown}
 j - 2 scrolls of identify {unknown}
 m - 3 scrolls of remove curse {unknown}
 n - a scroll of curse weapon {unknown}
 p - a scroll of enchant weapon II {unknown}
 s - 2 scrolls of fog {unknown}
Jewellery
 e - an uncursed amulet of resist corrosion {unknown}
 o - an uncursed ring of poison resistance {unknown}
Books
 b - a book of Flames

   Spells                             Type                      Level
   *Flame Tongue                      Conjuration/Fire             1
   *Throw Flame                       Conjuration/Fire             2
   *Conjure Flame                     Conjuration/Fire             3
   Inner Flame                        Hexes/Fire                   3
   Sticky Flame                       Conjuration/Fire             4
   Fireball                           Conjuration/Fire             5


   Skills:
 - Level 2.1 Dodging
 - Level 2.0 Stealth
 + Level 2.4 Spellcasting
 * Level 4.8 Conjurations
 + Level 4.1 Fire Magic


You had 2 spell levels left.
You knew the following spells:

 Your Spells              Type           Power        Failure   Level  Hunger
a - Flame Tongue          Conj/Fire      ###..        3%          1    #......
b - Throw Flame           Conj/Fire      ###...       6%          2    ##.....
c - Conjure Flame         Conj/Fire      ###.....     12%         3    ####...


Dungeon Overview and Level Annotations

Branches:
Dungeon (3/27)

Altars:
Trog


Innate Abilities, Weirdness & Mutations

You can fly.
You have a beak for a mouth.
You have claws for feet.
Your digestive system is specialised to digest meat.
Your body is slowly deteriorating.
You passively map a small area around you.


Message History

Unknown command.
Unknown command.
Unknown command.
You start resting.
* * * LOW HITPOINT WARNING * * *
You feel sick.
You spend a moment contemplating the meaning of life.
* * * LOW HITPOINT WARNING * * *
You feel sick.
You spend a moment contemplating the meaning of life.
You open the door.
Found 23 stones.
You spend a moment contemplating the meaning of life.
* * * LOW HITPOINT WARNING * * *
You feel sick.
There is an open door here.
You spend a moment contemplating the meaning of life.
Key pressed, stopping explore.
You spend a moment contemplating the meaning of life.
You die...

........+.........####
#####'##
#.#######.).......#
##..# #.# ######'####
##%%## ..# #.....#
###..## +##* #+#######
###...## , ........#
#...### *
........#####%#######
.........'..#..........
,
........@##...........
....(....####.........
........# #...(..... ,
* ........# #........
........# #....... ,,,
######## ####### *


There were no monsters in sight!

Vanquished Creatures
  An orc priest (D:3)
  5 adders
  4 orcs (D:3)
  9 bats
  6 giant cockroaches
  5 hobgoblins
  3 jackals (D:2)
  2 quokkas (D:3)
  A ball python (D:3)
  4 giant geckos
  7 giant newts
  10 goblins
  A jackal skeleton (D:3)
  7 kobolds
  13 rats
78 creatures vanquished.

Notes
Turn   | Place    | Note
--------------------------------------------------------------
     0 | D:1      | Kae, the Tengu Fire Elementalist, began the quest for the Orb.
     0 | D:1      | Reached XP level 1. HP: 10/10 MP: 3/3
    74 | D:1      | Reached XP level 2. HP: 7/15 MP: 5/5
   454 | D:2      | Reached XP level 3. HP: 11/19 MP: 1/7
   859 | D:2      | Reached XP level 4. HP: 21/24 MP: 8/8
  1307 | D:3      | Reached skill level 4 in Conjurations
  1313 | D:3      | Learned a level 2 spell: Throw Flame
  1317 | D:3      | Learned a level 3 spell: Conjure Flame
  1340 | D:3      | Found a bloodstained altar of Trog.
  1596 | D:3      | Reached XP level 5. HP: 9/28 MP: 4/12
  2238 | D:3      | Gained mutation: You passively map a small area around you. [potion of mutation]
  2238 | D:3      | Gained mutation: Your body is slowly deteriorating. [potion of mutation]
  2238 | D:3      | Gained mutation: Your digestive system is specialised to digest meat. [potion of mutation]
  2249 | D:3      | HP: 1/28 [poisoned by an adder]
  2250 | D:3      | Succumbed to an adder's poison

Action                   |  1- 3 |  4- 6 || total
-------------------------+-------+-------++-------
Melee: Whip              |    29 |    58 ||    87
 Cast: Flame Tongue      |    23 |    47 ||    70
  Use: Potion            |     4 |     3 ||     7
 Stab: Sleeping          |     1 |     7 ||     8
